 Dungeon Crawl Stone Soup version 0.31-a0-675-g238779eb0a (webtiles) character file.

Game seed: 12959650323343602755

8 Essalna the Conjurer (level 2, 0/19 HPs)
             Began as a Demonspawn Conjurer on Sept 5, 2023.
             Slain by a quokka (3 damage)
             ... on level 1 of the Dungeon.
             The game lasted 00:00:36 (393 turns).

Essalna the Conjurer (Demonspawn Conjurer)           Turns: 393, Time: 00:00:37

Health: 0/19       AC:  3    Str:  7    XL:     2   Next: 0%
Magic:  5/5        EV: 12    Int: 19    God:
Gold:   12         SH:  0    Dex: 11    Spells: 4/5 levels left

rFire   . . .        (no weapon)
rCold   . . .        (no shield)
rNeg    . . .        a - +0 robe
rPois   .            (helmet restricted)
rElec   .            (no cloak)
rCorr   .            c - +0 pair of gloves
SInv    .            (no boots)
Will    .....        (no amulet)
Stlth   ++           (no ring)
HPRegen 0.23/turn    (no ring)
MPRegen 0.09/turn

%: no passive effects
@: no status effects
A: antennae 1
a: no special abilities


You were on level 1 of the Dungeon.
You visited 1 branch of the dungeon, and saw 1 of its levels.

You collected 12 gold pieces.

Inventory:

Armour
 a - a +0 robe (worn)
 c - a +0 pair of gloves (worn)
Potions
 b - a potion of magic


   Skills:
 - Level 1.7 Dodging
 - Level 1.7 Stealth
 + Level 2.3 Spellcasting
 + Level 4.2 Conjurations


You had 4 spell levels left.
You knew the following spells:

 Your Spells              Type           Power      Damage    Failure   Level
a - Magic Dart            Conj           72%        1d6       3%          1

Your spell library contained the following spells:

 Spells                   Type           Power      Damage    Failure   Level
 Searing Ray              Conj           36%        2d5       4%          2
 Dazzling Flash           Conj/Hex       20%        N/A       21%         3
 Fulminant Prism          Conj/Hex       5%         3d7       56%         4
 Iskenderun's Mystic Bla  Conj/Tloc      10%        2d4       56%         4


Dungeon Overview and Level Annotations

Branches:
Dungeon (1/15)

Altars:


Innate Abilities, Weirdness & Mutations

You have a pair of small antennae on your head.


Message History

A quokka comes into view.
A quokka is nearby!
The quokka bites you.
The quokka bites you but does no damage.
The quokka barely misses you. The quokka barely misses you.
The quokka closely misses you.
The quokka bites you but does no damage.
The quokka barely misses you. The quokka barely misses you.
The quokka barely misses you. The quokka closely misses you.
The quokka closely misses you. The quokka completely misses you.
The quokka bites you but does no damage.
The quokka barely misses you. The quokka bites you.
The quokka barely misses you. The quokka barely misses you.
The quokka misses you. The quokka bites you. The quokka barely misses you.
The quokka bites you but does no damage.
The quokka closely misses you. The quokka barely misses you.
The quokka misses you. The quokka barely misses you. The quokka bites you.
The quokka bites you but does no damage.
The quokka closely misses you. The quokka closely misses you. x2
The quokka bites you. The quokka closely misses you. The quokka misses you.
The quokka bites you. The quokka bites you.
* * * LOW HITPOINT WARNING * * *
The quokka misses you. The quokka closely misses you. The quokka bites you.
* * * LOW HITPOINT WARNING * * *
The quokka bites you.
You die...

######.....### ..#.#..
.............. ...
#.#.#.######
#.####.########...
#.#.#.#.....
#................#
#.#.#.#.###.
#######.########.#
#.#.#.#.#... .........#
#.# #...#...#..<
#.#####..#
#####.#####.#.#.#.#...
#..#
#....r....#.#.#.#.####
#..###.###@# #.#.#.#....(
#..#.....#.# #.#.#.######
#........#.###
#.#.#.......
###..........#
#.#.#######' #.##)......#
#.#......... #..........#
#.####.##### #.....#.#..#
#...........
#.†...#......############
#.......#....#


You could see a quokka.

Vanquished Creatures
  A dart slug (D:1)
  2 goblins (D:1)
  3 ball pythons (D:1)
  2 rats (D:1)
8 creatures vanquished.

Notes
Turn   | Place    | Note
-------+----------+-------------------------------------------
     0 | D:1      | Essalna the Demonspawn Conjurer began the quest for the
                  | Orb.
     0 | D:1      | Reached XP level 1. HP: 13/13 MP: 3/3
   306 | D:1      | Gained mutation: You have a pair of small antennae on your
                  | head. [demonic ancestry]
   306 | D:1      | Reached XP level 2. HP: 19/19 MP: 1/5
   393 | D:1      | Slain by a quokka

Illustrated notes

Levels and vault maps discovered:
D:1:      matt_arrival_refuge, layout_basic

Action                     || total
---------------------------++-------
  Melee: Unarmed           ||     5
   Cast: Magic Dart        ||    14
 Armour: Robe              ||    16
  Dodge: Dodged            ||    27

Table legend: (Time is in decaauts)
 A = Elapsed time spent in this place.
 B = Non-inter-level travel time spent in this place.
 C = Inter-level travel time spent in this place.
 D = Time resting spent in this place.
 E = Time spent auto-exploring this place.
 F = Levels seen in this place.
 G = Mean time per level.
                   A        B        C        D        E       F      G
               +--------+--------+--------+--------+--------+-----+--------+
         Total |    393 |    393 |      0 |      0 |    301 |   1 |  393.0 |
       Dungeon |    393 |    393 |      0 |      0 |    301 |   1 |  393.0 |
               +--------+--------+--------+--------+--------+-----+--------+

Top non-repeatable levels by time:
     D:1: 393 daAuts
